 Dungeon Crawl Stone Soup version 0.31-b1-17-gcfd88c8481 (webtiles) character file.

Game seed: 1175330511210168431

16051 Curundu the Severer (level 12, -12/165 HPs)
             Began as a Minotaur Berserker on Jan 15, 2024.
             Was a High Priest of Trog.
             Mangled by a vampire knight
             ... wielding a +1 halberd
              (18 damage)
             ... on level 12 of the Dungeon.
             The game lasted 00:48:03 (12403 turns).

Curundu the Severer (Minotaur Berserker)           Turns: 12403, Time: 00:48:04

Health: -12/165    AC: 21    Str: 28    XL:     12   Next: 6%
Magic:  11/11      EV: 15    Int:  4    God:    Trog [*****.]
Gold:   723        SH:  0    Dex:  9    Spells: 11/11 levels left

rFire   . . .        a - +3 broad axe (freeze)
rCold   . . .        (no shield)
rNeg    . . .        z - +0 plate armour
rPois   .            (helmet restricted)
rElec   .            p - +2 cloak
rCorr   +            f - +0 pair of gloves
SInv    .            I - +0 pair of boots
Will    .....        (no amulet) Stlth
                     e - +5 ring of evasion
HPRegen 0.47/turn    c - ring of resist corrosion
MPRegen 0.12/turn

%: no passive effects
@: berserking, very quick
A: horns 2, retaliatory headbutt
a: Renounce Religion, Berserk, Trog's Hand, Brothers in Arms


You were on level 12 of the Dungeon.
You worshipped Trog.
Trog was extremely pleased with you.
You visited 2 branches of the dungeon, and saw 13 of its levels.

You collected 853 gold pieces.
You spent 130 gold pieces at shops.

Inventory:

Hand Weapons
 a - a +3 broad axe of freezing (weapon)
 G - a +3 morningstar
Missiles
 h - 39 poisoned darts
 u - 18 curare-tipped darts
 E - 5 atropa-tipped darts
Armour
 f - a +0 pair of gloves (worn)
 p - a +2 cloak (worn)
 z - a +0 plate armour (worn)
 I - a +0 pair of boots (worn)
Jewellery
 c - a ring of resist corrosion (right hand)
 e - a +5 ring of evasion (left hand)
 s - a +5 ring of evasion
 v - an amulet of reflection
 F - a ring of protection from cold
 H - an amulet of guardian spirit
Wands
 j - a wand of polymorph (6)
 k - a wand of light (10)
 t - a wand of charming (18)
 x - a wand of digging (6)
 y - a wand of flame (3) (quivered)
 D - a wand of mindburst (5)
Scrolls
 m - 2 scrolls of summoning
 o - a scroll of vulnerability
 w - a scroll of immolation
 C - a scroll of fog
Potions
 b - a potion of ambrosia {unknown}
 d - a potion of berserk rage {unknown}
 g - 3 potions of heal wounds
 i - a potion of lignification
 l - 4 potions of mutation
 n - a potion of might {unknown}
 q - a potion of enlightenment {unknown}
 r - 6 potions of attraction
 A - a potion of curing
 B - 3 potions of haste


   Skills:
 + Level 11.4 Fighting
 - Level 16.2 Axes
 + Level 11.4 Armour
 * Level 7.6 Dodging


You had 11 spell levels left.
You didn't know any spells.
Your spell library was empty.

Dungeon Overview and Level Annotations

Branches:
Dungeon (12/15)            Temple (1/1) D:4            Lair (0/5) D:10
    Orc (0/2) D:10

Altars:
Ashenzari
Cheibriados
Dithmenos
Elyvilon
Fedhas
Gozag
Hepliaklqana
Kikubaaqudgha
Makhleb
Nemelex Xobeh
Okawaru
Qazlal
Ru
Sif Muna
Trog
Uskayaw
Vehumet
Wu Jian
Xom
Yredelemnul
Zin
The Shining One

Shops:
D:2 *   D:12 !


Innate Abilities, Weirdness & Mutations

You have a pair of horns on your head.
You reflexively headbutt those who attack you in melee.


Message History

A gargoyle comes into view. It is wielding a +0 mace.
You closely miss something. Something hits you! Something bites you!
Something draws strength from your injuries!
You slash something! You freeze something. You headbutt something.
You barely miss the gargoyle. Something hits you!!
Something bites you but does no damage. Something hits you!
Something barely misses you.
A red film seems to cover your vision as you go berserk!
You feel yourself moving faster!
You feel mighty!
The gargoyle hits you but does no damage.
Something hits you!
* * * LOW HITPOINT WARNING * * *
Something bites you but does no damage.
You slash something! You freeze something.
You hit the gargoyle but do no damage.
Your skin stops crawling.
You feel less strong-willed. Something hits you!
* * * LOW HITPOINT WARNING * * *
Something bites you but does no damage. The gargoyle closely misses you.
You furiously retaliate!
You headbutt the gargoyle! You completely miss something.
You hit the gargoyle but do no damage. Something hits you!
* * * LOW HITPOINT WARNING * * *
Something bites you but does no damage.
You barely miss something. You hit the gargoyle but do no damage.
The gargoyle hurls a stone arrow at you.
The stone arrow misses you.
You hit something but do no damage. Your headbutt misses something.
You slash the gargoyle! You freeze the gargoyle!
You destroy the gargoyle!
Trog accepts your kill. Something hits you!
* * * LOW HITPOINT WARNING * * *
Something bites you but does no damage.
You barely miss something. Something hits you but does no damage.
Something bites you.
* * * LOW HITPOINT WARNING * * *
Something draws strength from your injuries!
You completely miss something. Something hits you!!
You die...

#####'###############.#
#.........# #.#
#....#....# #.#
#..#...#..# #.#
#.........# #.#
#.#.....#.# #..
#.........# #..
#..#...#..# #.#
#....#@...# #.#
#....){...# #.#
#####'##### #.# #.. #.#
#.. #.# <...... ... #.#
..........# .... #.#
........#.#..... #.#
........#.#..#.. #.#


There were no monsters in sight!

Vanquished Creatures
  Erolcha (D:11)
  4 two-headed ogres
  3 ugly things
  Maurice (D:7)
  A manticore (D:12)
  2 gargoyles (D:12)
  A komodo dragon (D:11)
  The ghost of middlethird the Ruffian, a novice VSSh of Cheibriados (D:6)
  5 trolls
  Prince Ribbit (D:9)
  A wolf spider simulacrum (D:12)
  4 shadows
  3 wraiths
  3 wyverns
  4 yaks
  A basilisk (D:12)
  3 steam dragons
  Edmund (D:6)
  Menkaure (D:5)
  6 vampire mosquitoes
  5 acid dragons
  3 water moccasins
  A swamp drake (D:10)
  An ice beast (D:8)
  An ogre (D:7)
  10 orc warriors
  5 centaurs
  12 kobold brigands
  A bullfrog (D:6)
  2 gnoll sergeants
  A scorpion (D:7)
  3 wights (D:10)
  3 howler monkeys (D:9)
  Crazy Yiuf (D:2)
  4 hounds
  11 orc priests
  2 gnoll boudas
  A jelly (D:4)
  A sleepcap (D:5)
  11 orc wizards
  21 gnolls
  5 adders
  3 shadow imps
  2 white imps
  2 dart slugs
  2 ribbon worms (D:2)
  41 orcs
  9 ball pythons
  7 bats
  7 endoplasms
  2 giant cockroaches (D:4)
  4 goblins
  6 hobgoblins
  20 kobolds
  6 quokkas
  4 frilled lizards
  A rat (D:1)
268 creatures vanquished.

Vanquished Creatures (others)
  An arcanist (D:7)
1 creature vanquished.

Grand Total: 269 creatures vanquished

Notes
Turn   | Place    | Note
-------+----------+-------------------------------------------
     0 | D:1      | Curundu the Minotaur Berserker began the quest for the Orb.
     0 | D:1      | Reached XP level 1. HP: 19/19 MP: 0/0
    65 | D:1      | Reached skill level 4 in Axes
   143 | D:1      | Found a faded altar of an unknown god.
   193 | D:1      | Reached XP level 2. HP: 26/26 MP: 1/1
   952 | D:2      | Reached skill level 5 in Axes
   952 | D:2      | Reached XP level 3. HP: 31/31 MP: 2/2
  1024 | D:2      | Found Baru Yho's Assorted Antiques.
  1276 | D:2      | Reached ** piety under Trog
  1288 | D:2      | Reached skill level 6 in Axes
  1288 | D:2      | Reached XP level 4. HP: 26/39 MP: 3/3
  1603 | D:2      | Found a runed translucent door.
  1604 | D:2      | Noticed Crazy Yiuf
  1612 | D:2      | Killed Crazy Yiuf
  1758 | D:3      | Reached XP level 5. HP: 45/45 MP: 4/4
  2031 | D:3      | Reached skill level 7 in Axes
  3009 | D:4      | Found a staircase to the Ecumenical Temple.
  3022 | Temple   | Entered the Ecumenical Temple
  3170 | D:5      | Entered Level 5 of the Dungeon
  3235 | D:5      | Reached skill level 8 in Axes
  3265 | D:5      | Reached XP level 6. HP: 51/51 MP: 5/5
  3558 | D:5      | Noticed Menkaure
  3570 | D:5      | Killed Menkaure
  3571 | D:5      | Reached skill level 9 in Axes
  4106 | D:6      | Noticed an orc warrior
  4111 | D:6      | Reached XP level 7. HP: 22/57 MP: 6/6
  4120 | D:6      | Reached skill level 10 in Axes
  4271 | D:6      | Found an opulent altar of Gozag.
  4660 | D:6      | Found a white marble altar of Elyvilon.
  4699 | D:6      | Found a runed translucent gate.
  4699 | D:6      | Found a runed translucent gate.
  4700 | D:6      | Found a runed translucent gate.
  4701 | D:6      | Noticed middlethird's ghost (novice VSSh)
  4717 | D:6      | Reached skill level 11 in Axes
  4724 | D:6      | Killed middlethird's ghost
  4725 | D:6      | Reached skill level 12 in Axes
  4725 | D:6      | Reached XP level 8. HP: 61/64 MP: 7/7
  4751 | D:6      | Reached skill level 13 in Axes
  4773 | D:6      | Reached *** piety under Trog
  5090 | D:6      | Noticed Edmund
  5100 | D:6      | Killed Edmund
  5101 | D:6      | Reached skill level 14 in Axes
  5182 | D:6      | Found a glowing golden altar of the Shining One.
  5184 | D:6      | Noticed an angel
  5189 | D:6      | Found a basalt altar of Yredelemnul.
  5191 | D:6      | Noticed a profane servitor
  5590 | D:7      | Reached XP level 9. HP: 42/70 MP: 8/8
  5980 | D:7      | Found a blossoming altar of Fedhas.
  5986 | D:7      | Reached skill level 15 in Axes
  6447 | D:7      | Found a bloodstained altar of Trog.
  6448 | D:7      | Noticed a wizard
  6453 | D:7      | Killed a wizard
  6633 | D:7      | Noticed Maurice
  6642 | D:7      | Something stole 18 curare-tipped darts
  6645 | D:7      | Something stole a +1 hand axe
  6648 | D:7      | Something stole a ring of resist corrosion
  6649 | D:7      | Something stole 138 gold
  6650 | D:7      | Something stole 259 gold
  6676 | D:7      | Killed Maurice
  6677 | D:7      | Reached skill level 16 in Axes
  7418 | D:8      | Found an iron altar of Okawaru.
  7418 | D:8      | Found a shadowy altar of Dithmenos.
  7418 | D:8      | Found a snail-covered altar of Cheibriados.
  7418 | D:8      | Found an ornate altar of the Wu Jian Council.
  7418 | D:8      | Found a hazy altar of Hepliaklqana.
  7418 | D:8      | Found a glowing silver altar of Zin.
  7418 | D:8      | Found a sparkling altar of Nemelex Xobeh.
  7423 | D:8      | Found a radiant altar of Vehumet.
  7883 | D:8      | Reached skill level 5 in Fighting
  8005 | D:8      | Reached XP level 10. HP: 64/81 MP: 9/9
  8085 | D:8      | Reached skill level 5 in Armour
  8814 | D:9      | Noticed Prince Ribbit
  8822 | D:9      | Killed Prince Ribbit
  9569 | D:10     | Entered Level 10 of the Dungeon
  9569 | D:10     | Noticed a two-headed ogre
  9577 | D:10     | Killed a two-headed ogre
  9577 | D:10     | Reached **** piety under Trog
  9662 | D:10     | Found a staircase to the Lair.
  9679 | D:10     | Reached skill level 5 in Dodging
 10182 | D:10     | Found a staircase to the Orcish Mines.
 10357 | D:11     | Noticed Erolcha
 10358 | D:11     | Reached XP level 11. HP: 94/94 MP: 10/10
 10373 | D:11     | Killed Erolcha
 10511 | D:11     | Noticed a cyan ugly thing
 10529 | D:11     | Killed a cyan ugly thing
 10578 | D:11     | Noticed a two-headed ogre
 10593 | D:11     | Killed a two-headed ogre
 11527 | D:12     | Noticed a two-headed ogre
 11535 | D:12     | Killed a two-headed ogre
 11536 | D:12     | Reached skill level 10 in Fighting
 11536 | D:12     | Reached skill level 10 in Armour
 11675 | D:12     | Noticed a red ugly thing
 11686 | D:12     | Killed a red ugly thing
 11949 | D:12     | Found Nuemou Yxiam's Distillery.
 11957 | D:12     | Bought a potion of haste for 130 gold pieces
 12032 | D:12     | Reached ***** piety under Trog
 12069 | D:12     | Noticed a two-headed ogre
 12069 | D:12     | Noticed a green ugly thing
 12093 | D:12     | Killed a two-headed ogre
 12165 | D:12     | Killed a green ugly thing
 12191 | D:12     | Reached XP level 12. HP: 97/110 MP: 11/11
 12385 | D:12     | Noticed a vampire knight
 12402 | D:12     | HP: 6/165 [something (6)]
 12403 | D:12     | Mangled by a vampire knight

Illustrated notes

Levels and vault maps discovered:
D:1:      minmay_arrival_diagonal_passages, layout_basic,
          shapermc_ecumenical_altar_flowoftime
D:2:      layout_basic, serial_shops, nicolae_shop_just_a_little_nook,
          uniq_crazy_yiuf_cottage
D:3:      layout_loops_ring
D:4:      nicolae_cairo_tiling, layout_cave_pods
D:5:      layout_gridville, uniq_menkaure
D:6:      layout_basic, grunt_temple_overflow_holy_war, elyvilon_altar_4,
          nicolae_gozag_seed_capital, gammafunk_ghost_nasty_kobolds, uniq_edmund
D:7:      layout_layer_cave, trog_wizard, fedhas_altar_1,
          dreamdust_princess_corridor, uniq_maurice
D:8:      layout_cave_pools, grunt_temple_overflow_open
D:9:      layout_gridville, kennysheep_big_empty_room,
          chequers_serial_rivers_micro_b, uniq_prince_ribbit1
D:10:     layout_big_octagon, erik_orc_1
D:11:     layout_basic, uniq_erolcha
D:12:     minmay_the_grid_3x2 [minmay_the_grid_eight,
          minmay_the_grid_pillar_ring, minmay_the_grid_small_cups,
          minmay_the_grid_square_x, minmay_the_grid_gridbox,
          minmay_the_grid_prize_inner_circle], layout_basic,
          gammafunk_ghost_smash, serial_shops, nicolae_square_shop,
          minivault_25, hangedman_decor_opposing
Temple:   hellmonk_temple_of_storms

Skill      XL: |  1  2  3  4  5  6  7  8  9 10 11 |
---------------+----------------------------------+-----
Axes           | 4 5 6 8 9 12 14 16 | 16.2
Fighting       | 5 8 11 | 11.4
Armour         | 4 8 11 | 11.4
Dodging        | 5 7 |  7.6

Action                     |  1- 3 |  4- 6 |  7- 9 | 10-12 || total
---------------------------+-------+-------+-------+-------++-------
  Melee: Hand axe          |    56 |    73 |       |       ||   129
         Headbutt          |    11 |    33 |    54 |    65 ||   163
         Punch             |     1 |     3 |     4 |     3 ||    11
         Mace              |       |    81 |   293 |   102 ||   476
         Morningstar       |       |       |       |    50 ||    50
         Broad axe         |       |       |       |   187 ||   187
 Invoke: Trog's Hand       |       |     2 |     6 |     6 ||    14
         Berserk           |       |     2 |     2 |     2 ||     6
  Evoke: Wand              |       |       |       |     4 ||     4
    Use: Scroll            |     2 |     9 |       |     7 ||    18
         Potion            |       |       |     2 |       ||     2
   Stab: Sleeping          |     1 |       |       |       ||     1
         Confused          |       |       |       |     1 ||     1
 Armour: Ring mail         |    29 |    41 |     8 |       ||    78
         Animal skin       |     1 |       |       |       ||     1
         Chain mail        |       |       |    73 |       ||    73
         Plate armour      |       |       |   109 |   202 ||   311
  Dodge: Dodged            |    61 |   102 |   258 |   262 ||   683
